 Dungeon Crawl Stone Soup version 0.26.0-10-g1f06aea511 (webtiles) character file.

Game seed: 5611458430581399268

151 Borgoz the Slasher (level 5, 0/45 HPs)
             Began as a Ghoul Gladiator on Jan 18, 2021.
             Slain by an adder (1 damage)
             ... on level 3 of the Dungeon.
             The game lasted 00:02:18 (2016 turns).

Borgoz the Slasher (Ghoul Gladiator)                Turns: 2016, Time: 00:02:19

Health: 0/45       AC: 12    Str: 18    XL:     5   Next: 33%
Magic:  4/4        EV:  6    Int:  3    God:
Gold:   41         SH:  0    Dex: 11    Spells: 4/4 levels left

rFire    . . .     SeeInvis .   a - +2 long sword
rCold    + . .     Faith    .   (no shield)
rNeg     + + +     Spirit   .   i - +0 plate armour
rPois    ∞         Reflect  .   c - +0 helmet
rElec    .         Harm     .   (no cloak)
rCorr    .         Rampage  .   (no gloves)
Will     .....                  (no boots)
Stlth    ..........             (no amulet)
HPRegen  0.00/turn              (no ring)
MPRegen  0.09/turn              (no ring)

@: hasted, very quick
A: claws 1, cold resistance 1, negative energy resistance 3, inhibited
regeneration, torment resistance, unbreathing
a: no special abilities


You were on level 3 of the Dungeon.
You visited 1 branch of the dungeon, and saw 4 of its levels.

You collected 41 gold pieces.

Inventory:

Hand Weapons
 a - a +2 long sword (weapon)
Missiles
 d - 3 throwing nets (quivered)
Armour
 c - a +0 helmet (worn)
 i - a +0 plate armour (worn)
Scrolls
 g - a scroll of blinking
 j - a scroll of enchant armour
 l - a scroll of remove curse


   Skills:
 + Level 3.1 Fighting
 * Level 3.7 Long Blades
 - Level 1.7 Throwing
 * Level 2.4 Armour
 + Level 3.2 Dodging


You had 4 spell levels left.
You didn't know any spells.
Your spell library was empty.

Dungeon Overview and Level Annotations

Branches:
Dungeon (4/15)
 Temple: D:4-7

Altars:


Innate Abilities, Weirdness & Mutations

You thrive by killing the living.
You are immune to poison.
You have sharp fingernails.
Your flesh is cold resistant. (rC+)
You are immune to negative energy. (rN+++)
You do not regenerate when monsters are visible.
You are immune to unholy pain and torment.
You can survive without breathing.


Message History

The orc priest is almost dead.
The orc barely misses you. The orc hits you but does no damage.
The adder bites you but does no damage.
A goblin comes into view.
The orc priest hits you with a +0 dagger.
You closely miss the orc priest.
The orc priest is almost dead.
The adder bites you but does no damage. The orc hits you but does no damage. x2
The orc priest invokes the aid of Beogh against you.
Beogh smites you!
* * * LOW HITPOINT WARNING * * *
You aren't carrying any potions.
Unknown command.
You hit the orc priest.
You kill the orc priest!
The adder bites you but does no damage. The orc hits you but does no damage. x2
You miss the adder.
The adder is almost dead.
The adder bites you.
You die...

.. .... ...#...
#......#...# ...#.#.
#......#...## #g....
#............ .......
.#........# ......S
#........# #
.....#o###........##.
.<....S@##...........
......)o..........#
#..........##.....#
#..........##[....#
#..........)#.....####.#
#############.#.........
#.#..#####.# #.#...#
#.#...#


You could see 2 adders, 2 orcs and a goblin.

Vanquished Creatures
  An orc priest (D:3)
  2 orc wizards (D:4)
  A worker ant (D:2)
  An adder (D:2)
  An ooze (D:2)
  3 orcs (D:4)
  A ball python (D:2)
  4 bats
  2 giant cockroaches
  4 goblins
  4 hobgoblins
  A kobold (D:1)
  4 frilled lizards
  9 rats
38 creatures vanquished.

Notes
Turn   | Place    | Note
-------+----------+-------------------------------------------
     0 | D:1      | Borgoz the Ghoul Gladiator began the quest for the Orb.
     0 | D:1      | Reached XP level 1. HP: 17/17 MP: 0/0
   336 | D:1      | Reached XP level 2. HP: 22/25 MP: 1/1
   646 | D:1      | Reached skill level 1 in Armour
  1023 | D:2      | Reached XP level 3. HP: 30/30 MP: 2/2
  1202 | D:2      | Reached XP level 4. HP: 25/37 MP: 3/3
  1728 | D:2      | You fall into a shaft and drop 2 floors!
  1798 | D:4      | Reached XP level 5. HP: 11/45 MP: 4/4
  2014 | D:3      | HP: 1/45 [orc priest/divine providence (14)]
  2016 | D:3      | Slain by an adder

Illustrated notes

Levels and vault maps discovered:
D:1:      elethiomel_arrival_quiet, layout_basic, fountainhead
D:2:      layout_loops_corners
D:3:      cheibrodos_fertilizer, layout_basic, biasface_ghost_orc_armoury
D:4:      layout_loops_ring, kennysheep_mini, minivault_5,
          kennysheep_slug_shrine, uniq_natasha

Skill      XL: |  1  2  3  4 |
---------------+-------------+-----
Armour         | 1 2 |  2.4
Long Blades    | 3 |  3.7
Dodging        | 3 |  3.2
Fighting       | 3 |  3.1
Throwing       | |  1.7

Action                   |  1- 3 |  4- 6 || total
-------------------------+-------+-------++-------
Melee: Long sword        |    73 |    81 ||   154
  Use: Potion            |       |     3 ||     3
       Scroll            |       |     7 ||     7
Armor: Leather armour    |    11 |       ||    11
       Plate armour      |    46 |    92 ||   138
Dodge: Dodged            |    34 |    25 ||    59
       Rpst.: Long sword |    13 |     6 ||    19
